 Dungeon Crawl Stone Soup version 0.19-a0-1920-g83281cb (webtiles) character file.

4070 kae the Carver (level 10, -4/80 HPs)
             Began as a Formicid Fighter on Oct 23, 2016.
             Was a Priest of Okawaru.
             Slain by Graouh's ghost (10 damage)
             ... on level 11 of the Dungeon.
             The game lasted 00:14:04 (8105 turns).

kae the Carver (Formicid Fighter)                   Turns: 8105, Time: 00:14:05

Health: -4/80      AC: 10    Str: 24    XL:     10   Next: 49%
Magic:  15/15      EV: 10    Int:  8    God:    Okawaru [***...]
Gold:   429        SH: 11    Dex: 10    Spells: 0 memorised, 9 levels left

rFire  x . .     SeeInvis +     a - +0 long sword
rCold  + + +     Gourm    .     r - +2 ring mail {rC+}
rNeg   . . .     Faith    .     c - +0 shield
rPois  .         Spirit   .     (helmet unavailable)
rElec  .         Reflect  .     g - +0 cloak
rCorr  .         Harm     .     (no gloves)
MR     +....                    v - +0 pair of boots
Stlth  ..........               (no amulet)
                                e - ring of protection from cold
                                k - ring of ice

@: no status effects
A: permanent stasis, dig shafts and tunnels, four strong arms, antennae 3
a: Dig, Shaft Self, Heroism, Renounce Religion


You were on level 11 of the Dungeon.
You worshipped Okawaru.
Okawaru was most pleased with you.
You were very hungry.

You visited 2 branches of the dungeon, and saw 10 of its levels.

You collected 429 gold pieces.

Inventory:

Hand Weapons
 a - a +0 long sword (weapon)
Armour
 b - a +0 scale mail
 c - a +0 shield (worn)
 g - a +0 cloak (worn)
 r - a +2 ring mail of cold resistance (worn)
 v - a +0 pair of boots (worn)
Jewellery
 e - a ring of protection from cold (right hand)
 k - a ring of ice (left hand)
 u - a +2 ring of dexterity {unknown}
Wands
 p - a wand of paralysis (14/24)
 y - a wand of disintegration (12/24)
Scrolls
 d - 2 scrolls of fog
 j - a scroll of amnesia
 m - 2 scrolls of remove curse
 n - 4 scrolls of identify
 o - 2 scrolls of enchant armour
 t - a scroll of magic mapping
Potions
 i - a potion of curing
 q - a potion of resistance
Comestibles
 f - 8 bread rations
 h - 8 slices of pizza
 l - 6 meat rations
 w - 3 beef jerkies


   Skills:
 + Level 8.0 Fighting
 * Level 9.6 Long Blades
 - Level 3.2 Armour
 + Level 8.8 Shields
 * Level 6.9 Invocations


You had 9 spell levels left.
You didn't know any spells.

Dungeon Overview and Level Annotations

Branches:
Dungeon (8/15)             Temple (1/1) D:6
   Lair: D:8-11

Altars:
Ashenzari
Elyvilon
Gozag
Kikubaaqudgha
Makhleb
Nemelex Xobeh
Okawaru
Ru
Sif Muna

Shops:
D:6 [

Annotations:
D:8 Gastronok
D:11 Graouh's ghost, journeyman MiFi


Innate Abilities, Weirdness & Mutations

You are under a permanent stasis effect.
You can dig through walls and to a lower floor.
Your four strong arms can wield two-handed weapons with a shield.
You have a pair of large antennae on your head. (SInv)


Message History

You block Graouh's ghost's attack.
You completely miss Graouh's ghost.
Graouh's ghost is almost destroyed.
You block Graouh's ghost's attack.
You hit Graouh's ghost.
Graouh's ghost is almost destroyed.
Okay, then.
You hit Graouh's ghost but do no damage.
Graouh's ghost is almost destroyed.
You feel like a meek peon again. Graouh's ghost hits you.
* * * LOW HITPOINT WARNING * * *
x2 You hit Graouh's ghost.
Graouh's ghost is almost destroyed.
Graouh's ghost hits you!
* * * LOW HITPOINT WARNING * * *
x2 You hit Graouh's ghost.
Graouh's ghost is almost destroyed.
Graouh's ghost hits you!
You die...

### #@## ##W#
######.################
.........%W...[.........
........).....#.........
....O#####..............
......o.....!....#.....#
.......o.........#......
##########.......#......


You could see Graouh's ghost.

Vanquished Creatures
  A yak (D:7)
  Sigmund (D:6)
  A human (D:7)
  3 hogs (D:7)
  Duvessa (D:4)
  3 ice beasts
  2 sky beasts (D:7)
  A necrophage (D:8)
  3 phantoms
  5 ogres
  2 centaurs
  2 bullfrogs
  A gnoll sergeant (D:5)
  Dowan (D:4)
  A scorpion (D:4)
  4 killer bees
  A howler monkey (D:4)
  2 bullfrog zombies (D:6)
  5 hounds
  A quasit (D:8)
  4 crimson imps
  A jelly (D:7)
  3 orc priests
  A gnoll shaman (D:7)
  7 orc wizards
  4 bullfrog skeletons
  An iguana (D:4)
  3 worker ants
  A hound skeleton (D:5)
  2 worker ant zombies
  9 gnolls
  6 adders
  2 oozes
  2 adder skeletons (D:4)
  2 adder zombies
  4 worms
  5 dart slugs
  7 leopard geckos
  22 orcs
  6 giant cockroaches
  3 goblins
  11 hobgoblins
  3 jackals (D:4)
  5 kobolds
  2 quokkas
  A ball python (D:4)
  6 bats
  4 frilled lizards
  A leopard gecko skeleton (D:4)
  A quokka zombie (D:6)
  3 rats (D:2)
173 creatures vanquished.

Notes
Turn   | Place    | Note
-------+----------+-------------------------------------------
     0 | D:1      | kae the Formicid Fighter began the quest for the Orb.
     0 | D:1      | Reached XP level 1. HP: 18/18 MP: 1/1
   174 | D:1      | Reached XP level 2. HP: 19/24 MP: 2/2
   354 | D:1      | Reached XP level 3. HP: 25/29 MP: 3/3
   763 | D:2      | Reached skill level 3 in Long Blades
   965 | D:2      | Reached XP level 4. HP: 37/37 MP: 4/4
  1205 | D:2      | Found a deep blue altar of Sif Muna.
  1290 | D:3      | Found a white marble altar of Elyvilon.
  1506 | D:3      | Found a faded altar of an unknown god.
  1506 | D:3      | Found a faded altar of an unknown god.
  1511 | D:3      | Found an opulent altar of Gozag.
  1513 | D:3      | Found a faded altar of an unknown god.
  1520 | D:3      | Found a faded altar of an unknown god.
  1672 | D:3      | Reached XP level 5. HP: 37/42 MP: 5/5
  1752 | D:3      | Gained mutation: You are partially covered in rugged brown scales. (AC +1, +3% HP) [potion of mutation]
  1752 | D:3      | Gained mutation: Potions and wands are less effective at restoring your health. [potion of mutation]
  1758 | D:3      | Lost mutation: Potions and wands are less effective at restoring your health. [potion of cure mutation]
  1758 | D:3      | Lost mutation: You are partially covered in rugged brown scales. (AC +1, +3% HP) [potion of cure mutation]
  1772 | D:3      | Reached skill level 4 in Long Blades
  1772 | D:3      | Reached skill level 5 in Shields
  2164 | D:4      | Reached XP level 6. HP: 48/49 MP: 6/6
  2329 | D:4      | Found an opulent altar of Gozag.
  2372 | D:4      | Noticed a phantom
  2433 | D:4      | Killed a phantom
  2535 | D:4      | Reached skill level 5 in Long Blades
  2535 | D:4      | Reached XP level 7. HP: 55/55 MP: 7/7
  2607 | D:4      | Reached skill level 5 in Fighting
  2622 | D:4      | Found a sacrificial altar of Ru.
  2899 | D:4      | Noticed Duvessa
  2922 | D:4      | Killed Duvessa
  3018 | D:4      | Noticed Dowan
  3031 | D:4      | Killed Dowan
  3579 | D:4      | Reached skill level 6 in Long Blades
  3579 | D:4      | Reached XP level 8. HP: 56/63 MP: 8/8
  3689 | D:5      | Entered Level 5 of the Dungeon
  4516 | D:5      | Reached skill level 7 in Long Blades
  5211 | D:6      | Found a staircase to the Ecumenical Temple.
  5221 | Temple   | Entered the Ecumenical Temple
  5225 | Temple   | Became a worshipper of Warmaster Okawaru
  5235 | D:6      | Reached XP level 9. HP: 68/71 MP: 9/9
  5278 | D:6      | Noticed Sigmund
  5316 | D:6      | Killed Sigmund
  5363 | D:6      | Found Liulet's Antique Armour Shop.
  5405 | D:6      | Found a sparkling altar of Nemelex Xobeh.
  5707 | D:6      | Reached skill level 8 in Long Blades
  6065 | D:7      | Identified a scroll of acquirement
  6070 | D:7      | Reached * piety under Okawaru
  6610 | D:6      | HP: 2/72 [killer bee (5)]
  6613 | D:6      | Reached ** piety under Okawaru
  6907 | D:7      | Reached skill level 5 in Invocations
  7291 | D:7      | Reached skill level 9 in Long Blades
  7291 | D:7      | Reached XP level 10. HP: 68/79 MP: 10/13
  7593 | D:8      | Noticed Gastronok
  7867 | D:8      | Reached *** piety under Okawaru
  7894 | D:8      | You fall through a shaft for 3 floors!
  8015 | D:11     | Noticed Graouh's ghost (journeyman MiFi)
  8105 | D:11     | Slain by Graouh's ghost

Vault maps used:
D:1:      roderic_octagonal_star
D:2:      lemuel_blue_sif_altar
D:3:      chequers_temple_overflow_minitemple, old_standard_altar
D:4:      nicolae_ru_great_annihilating_truth, grunt_decor_clamped,
          grunt_gozag_statues, uniq_duvessa
D:5:      first_bread
D:6:      nemelex_xobeh_ov_fountains_minmay, serial_shops, shop_fountains,
          item_on_display_a, uniq_sigmund
D:7:      enter_bailey_8, minmay_misc_feat_square, grunt_livestock,
          minmay_misc_feat_tiny, minmay_holes, nrook_mini_vaults,
          grunt_ministairs_15
D:8:      uniq_maurice, uniq_gastronok
D:11:     erik_orc_2, uniq_grum
Temple:   zaba_magenta_temple

Skill      XL: |  1  2  3  4  5  6  7  8  9 10 |
---------------+-------------------------------+-----
Shields        | 4 5 6 7 8 |  8.8
Long Blades    | 3 4 5 6 7 9 |  9.6
Fighting       | 4 5 6 7 8 |  8.0
Invocations    | 5 6 |  6.9
Armour         | |  3.2

Action                   |  1- 3 |  4- 6 |  7- 9 | 10-12 || total
-------------------------+-------+-------+-------+-------++-------
Melee: Long sword        |    80 |   143 |   489 |   161 ||   873
Invok: Heroism           |       |       |     2 |     2 ||     4
 Abil: Dig               |       |     1 |     9 |     2 ||    12
       Shaft Self        |       |       |       |     1 ||     1
  Use: Potion            |       |     6 |     3 |       ||     9
       Scroll            |       |     4 |     9 |       ||    13
 Stab: Paralysed         |       |       |     1 |       ||     1
  Eat: Chunk             |       |     4 |    18 |     3 ||    25
Armor: Scale mail        |    41 |    67 |    17 |       ||   125
       Ring mail         |       |       |   102 |    35 ||   137
Dodge: Dodged            |    33 |    42 |   132 |    44 ||   251
Block: Shield            |    48 |    91 |   258 |    66 ||   463
       Rpst.: Long sword |     9 |    16 |    33 |    12 ||    70
